 Dungeon Crawl Stone Soup version 0.28.0-53-g5a82cb258f (webtiles) character file.

Game seed: 4863426748790012639

35 Descartes the Grasshopper (level 3, -1/18 HPs)
             Began as a Spriggan Warper on May 24, 2022.
             Slain by an adder (4 damage)
             ... on level 2 of the Dungeon.
             The game lasted 00:06:04 (1966 turns).

Descartes the Grasshopper (Spriggan Warper)         Turns: 1966, Time: 00:06:04

Health: -1/18      AC:  2    Str:  9    XL:     3   Next: 17%
Magic:  6/8        EV: 18    Int: 14    God:
Gold:   30         SH:  0    Dex: 14    Spells: 6/7 levels left

rFire   . . .      SeeInvis +   a - +0 short sword
rCold   . . .      Faith    .   (no shield)
rNeg    . . .      Spirit   .   b - +0 robe
rPois   .          Reflect  .   (helmet restricted)
rElec   .          Harm     .   (no cloak)
rCorr   .          Rampage  .   (gloves unavailable)
Will    .....                   (boots unavailable)
Stlth   ++........              (no amulet)
HPRegen 0.06/turn               (no ring)
MPRegen 0.11/turn               (no ring)

@: very slightly contaminated, very quick
A: very small, no large weapons, unfitting armour, see invisible, speed 3
a: no special abilities


You were on level 2 of the Dungeon.
You visited 1 branch of the dungeon, and saw 2 of its levels.

You collected 30 gold pieces.

Inventory:

Hand Weapons
 a - a +0 short sword (weapon)
Missiles
 d - 5 boomerangs of dispersal (quivered)
 h - a throwing net
Armour
 b - a +0 robe (worn)
Scrolls
 c - a scroll of blinking
 e - a scroll of identify {unknown}
 f - a scroll of teleportation {unknown}
 g - a scroll of enchant weapon {unknown}
 j - a scroll of immolation {unknown}
Potions
 i - a potion of degeneration {unknown}
 l - a potion of heal wounds {unknown}
 m - a potion of berserk rage {unknown}


   Skills:
 - Level 1.5 Fighting
 + Level 2.7 Short Blades
 - Level 1.0 Throwing
 + Level 3.7 Dodging
 + Level 2.2 Stealth
 - Level 2.6 Spellcasting
 + Level 4.9 Translocations
 + Level 0.2 Earth Magic


You had 6 spell levels left.
You knew the following spells:

 Your Spells              Type           Power      Damage    Failure   Level
a - Sandblast             Erth           4%         2d4       21%         1

Your spell library contained the following spells:

 Spells                   Type           Power      Damage    Failure   Level
 Blink                    Tloc           30%        N/A       4%          2
 Gell's Gravitas          Tloc           15%        N/A       9%          3
 Lesser Beckoning         Tloc           15%        N/A       9%          3
 Teleport Other           Tloc           15%        N/A       9%          3
 Corpse Rot               Necr/Air       2%         N/A       32%         2
 Passwall                 Tmut/Erth      1%         N/A       32%         2
 Poisonous Vapours        Pois/Air       2%         N/A       32%         2
 Stone Arrow              Conj/Erth      4%         3d7       54%         3
 Manifold Assault         Tloc           15%        N/A       63%         5
 Dispersal                Tloc           7%         N/A       99%         6
 Disjunction              Tloc           7%         N/A       100%        8


Dungeon Overview and Level Annotations

Branches:
Dungeon (2/15)

Altars:

Shops:
D:1 ?!:[!


Innate Abilities, Weirdness & Mutations

You are very small and have problems with some larger weapons.
You are too small for most types of armour.
You have supernaturally acute eyesight. (SInv)
You cover ground extremely quickly. (Speed+++)


Message History

Aim: an adder (heavily wounded, 63% to hit)
You miscast Sandblast.
You are very lightly contaminated with residual magic.
Nothing appears to happen.
You feel sick. The adder barely misses you.
Casting: Sandblast (safe; 21% risk of failure)
Confirm with . or Enter, or press ? or * to list all spells.
Aiming: Sandblast (safe; 21% risk of failure)
Press: ? - help, Shift-Dir - straight line, f/p - adder
Aim: an adder (heavily wounded, 63% to hit)
The blast of sand hits the adder.
The adder is severely wounded.
You now have no stones remaining.
You feel sick. The adder barely misses you.
Casting: Sandblast (safe; 21% risk of failure)
Confirm with . or Enter, or press ? or * to list all spells.
You don't have any stones to cast with.
Unknown command.
Casting: Sandblast (safe; 21% risk of failure)
Confirm with . or Enter, or press ? or * to list all spells.
You don't have any stones to cast with.
Unknown command.
You feel sick.
You are no longer poisoned.
You miss the adder.
The adder is severely wounded.
The adder closely misses you.
You closely miss the adder.
The adder is severely wounded.
The adder bites you.
* * * LOW HITPOINT WARNING * * *
You closely miss the adder.
The adder is severely wounded.
The adder completely misses you.
Casting: Sandblast (safe; 21% risk of failure)
Confirm with . or Enter, or press ? or * to list all spells.
You don't have any stones to cast with.
Unknown command.
You closely miss the adder.
The adder is severely wounded.
The adder bites you.
You die...

#... ##.....#.# #.
...# ##...##.# #.
#..# ##'###.###.
#..# # #.# #.....
#..##.# #.# #####.
#.)=..# ##.## #.
#.# ##...## #.
#S### #.....#####.
#@#.####...#......
#..#.# ##.##.#####
##...####.##.#
#...........#
#...####.####
##### #.# #.# #.#
#.#


You could see an adder.

Vanquished Creatures
  A gnoll (D:1)
  A ball python (D:1)
  5 bats
  An endoplasm (D:1)
  2 giant cockroaches (D:1)
  3 goblins
  3 jackals (D:1)
  2 kobolds (D:1)
  A quokka (D:1)
  2 frilled lizards (D:1)
  3 rats (D:1)
24 creatures vanquished.

Vanquished Creatures (others)
  3 plants (D:1)
3 creatures vanquished.

Grand Total: 27 creatures vanquished

Notes
Turn   | Place    | Note
-------+----------+-------------------------------------------
     0 | D:1      | Descartes the Spriggan Warper began the quest for the Orb.
     0 | D:1      | Reached XP level 1. HP: 10/10 MP: 5/5
   240 | D:1      | Found Carpheqia's Distillery.
   253 | D:1      | Found Ibiemmut's Magic Scroll Emporium.
   300 | D:1      | Reached skill level 1 in Stealth
   341 | D:1      | Found Udiejoli's Book Boutique.
   412 | D:1      | Reached XP level 2. HP: 1/14 MP: 6/6
   874 | D:1      | Learned a level 1 spell: Sandblast
   889 | D:1      | Found Esediruz's Antique Armour Emporium.
  1126 | D:1      | Found a faded altar of an unknown god.
  1521 | D:1      | Reached XP level 3. HP: 16/18 MP: 8/8
  1697 | D:1      | Found Opluot's Distillery.
  1966 | D:2      | Slain by an adder

Illustrated notes

Levels and vault maps discovered:
D:1:      lightli_arrival_windingriver, layout_basic, serial_shops,
          nicolae_shop_behind_doors, shop, nicolae_square_shop, shop,
          nicolae_shop_hallway_plus, ebering_ecumenical_altar_box,
          minmay_misc_feat_encased, serial_bayou_pond_d, minmay_door_square,
          st_stairs_8, glass_columns_a
D:2:      layout_loops_corners, basic_altar

Skill      XL: |  1  2 |
---------------+-------+-----
Stealth        | 1 2 |  2.2
Fighting       | |  1.5
Short Blades   | |  2.7
Throwing       | |  1.0
Dodging        | |  3.7
Spellcasting   | |  2.6
Translocations | |  4.9
Earth Magic    | |  0.2

Action                   || total
-------------------------++-------
Melee: Short sword       ||   123
       Punch             ||     1
 Cast: Sandblast         ||     1
 Stab: Sleeping          ||     6
Armor: Robe              ||    10
Dodge: Dodged            ||    95
